 Dungeon Crawl Stone Soup version 0.28-a0-1447-ga5a8893891 (webtiles) character file.

Game seed: 1556532492947798526

107 shadowrider38 the Ruffian (level 4, -5/41 HPs)
             Began as a Gnoll Berserker on Jan 12, 2022.
             Was a Believer of Trog.
             Slain by Pargi (6 damage)
             ... on level 3 of the Dungeon.
             The game lasted 00:05:16 (3183 turns).

shadowrider38 the Ruffian (Gnoll Berserker)         Turns: 3183, Time: 00:05:16

Health: -5/41      AC:  2    Str: 24    XL:     4   Next: 85%
Magic:  5/5        EV: 13    Int:  6    God:    Trog [**....]
Gold:   130        SH:  0    Dex: 12    Spells: 5/5 levels left

rFire   . . .      SeeInvis .   a - +3 whip
rCold   . . .      Faith    .   (no shield)
rNeg    . . .      Spirit   .   e - +0 animal skin
rPois   .          Reflect  .   (no helmet)
rElec   .          Harm     .   (no cloak)
rCorr   .          Rampage  .   (no gloves)
Will    .....                   (no boots)
Stlth   ++........              (no amulet)
HPRegen 0.13/turn               p - ring of flight
MPRegen 0.09/turn               t - +6 ring of strength

@: flying
A: fangs 1, strong nose, distributed training
a: Renounce Religion, Berserk, Trog's Hand


You were on level 3 of the Dungeon.
You worshipped Trog.
Trog was pleased with you.
You visited 1 branch of the dungeon, and saw 3 of its levels.
You also visited: Sewer.

You collected 130 gold pieces.

Inventory:

Hand Weapons
 a - a +3 whip (weapon)
 u - a +2 short sword of draining
Missiles
 f - 47 stones (quivered)
Armour
 e - a +0 animal skin (worn)
Jewellery
 p - a ring of flight (left hand)
 t - a +6 ring of strength (right hand)
Wands
 o - a wand of polymorph (5)
Scrolls
 b - a scroll of brand weapon {unknown}
 d - a scroll of noise {unknown}
 i - 2 scrolls of teleportation
 k - a scroll of identify {unknown}
 l - a scroll of enchant armour {unknown}
 m - 2 scrolls of enchant weapon {unknown}
 n - a scroll of magic mapping {unknown}
 s - a scroll of blinking {unknown}
Potions
 c - a potion of attraction {unknown}
 g - a potion of lignification {unknown}
 h - 2 potions of heal wounds {unknown}
 j - 3 potions of curing {unknown}
 q - a potion of invisibility {unknown}
 r - a potion of brilliance {unknown}


   Skills:
 + Level 6.6 Fighting
 + Level 1.2 Short Blades
 + Level 1.2 Long Blades
 + Level 1.2 Axes
 + Level 1.2 Maces & Flails
 + Level 1.2 Polearms
 + Level 1.2 Staves
 + Level 1.2 Slings
 + Level 1.2 Bows
 + Level 1.2 Crossbows
 + Level 1.2 Throwing
 + Level 4.7 Armour
 + Level 4.7 Dodging
 + Level 1.2 Stealth
 + Level 1.2 Shields
 + Level 6.6 Unarmed Combat
 + Level 1.2 Spellcasting
 + Level 1.0 Conjurations
 + Level 1.0 Hexes
 + Level 1.0 Summonings
 + Level 1.0 Necromancy
 + Level 1.0 Translocations
 + Level 1.0 Transmutations
 + Level 1.0 Fire Magic
 + Level 1.0 Ice Magic
 + Level 1.0 Air Magic
 + Level 1.0 Earth Magic
 + Level 1.0 Poison Magic
 + Level 1.4 Invocations
 + Level 1.2 Evocations


You had 5 spell levels left.
You didn't know any spells.
Your spell library was empty.

Dungeon Overview and Level Annotations

Branches:
Dungeon (3/15)              Sewer (visited)

Altars:
Xom

Annotations:
D:3 Pargi


Innate Abilities, Weirdness & Mutations

You have very sharp teeth.
Your uncanny sense of smell can sniff out nearby items.
Your experience applies equally to all skills.


Message History

Pargi bites you but does no damage. Pargi claws you. Pargi barely misses you.
You hit Pargi.
Pargi is heavily wounded.
Pargi bites you! Pargi completely misses you. Pargi closely misses you.
You closely miss Pargi. Your bite misses Pargi.
Pargi is heavily wounded.
Pargi misses you. Pargi closely misses you. Pargi barely misses you.
You closely miss Pargi. You punch Pargi!
Pargi is severely wounded.
Pargi bites you. Pargi barely misses you. Pargi claws you.
You hit Pargi.
Pargi is severely wounded.
Pargi bites you!
* * * LOW HITPOINT WARNING * * *
Pargi closely misses you. Pargi misses you.
Unknown command.
You closely miss Pargi. You bite Pargi.
Pargi is severely wounded.
Pargi bites you.
* * * LOW HITPOINT WARNING * * *
Pargi claws you.
* * * LOW HITPOINT WARNING * * *
Pargi claws you.
* * * LOW HITPOINT WARNING * * *
Unknown command.
Unknown command.
Unknown command.
Unknown command.
Unknown command.
You whack Pargi!
Pargi is severely wounded.
Pargi closely misses you. Pargi claws you.
* * * LOW HITPOINT WARNING * * *
Pargi barely misses you.
Unknown command.
Unknown command.
You hit Pargi. You bite Pargi, but do no damage.
Pargi is almost dead.
Pargi bites you.
You die...

##.≈≈.....≈≈.##.#...≈≈.≈≈
#.........≈÷.##...≈..≈.≈.
[..≈≈.≈...≈≈......≈≈.....
.#.≈≈...≈.≈≈.###......_..
#.##≈≈≈≈≈##.# #..≈≈.†...
#.##≈≈≈≈≈##.# #..≈..≈.≈.
#...........# ##...≈≈.≈≈
##.#..#T##### ##.......
#.#..#@## #####†.# #....#..#
#)## .###....# #.# ######
####...# #.# #....# #......#
#.# #.#<.# +......##
#######.# #.######...#...
........#
#.....)....#..############.#
#########:.##..............#


You could see Pargi.

Vanquished Creatures
  Jessica (D:2)
  A river rat (D:3)
  An adder (D:2)
  A worm (D:2)
  An orc (D:3)
  A ball python (D:1)
  6 endoplasms
  2 giant cockroaches
  4 goblins
  3 hobgoblins
  4 jackals (D:1)
  3 quokkas
  10 bats
  2 frilled lizards (D:2)
  9 kobolds
  4 rats
53 creatures vanquished.

Notes
Turn   | Place    | Note
-------+----------+-------------------------------------------
     0 | D:1      | shadowrider38 the Gnoll Berserker began the quest for the
                  | Orb.
     0 | D:1      | Reached XP level 1. HP: 23/23 MP: 1/1
   364 | D:1      | Reached XP level 2. HP: 25/29 MP: 2/2
  1115 | D:1      | Reached XP level 3. HP: 35/35 MP: 3/3
  1394 | D:1      | Found a faded altar of an unknown god.
  1694 | D:2      | Noticed Jessica
  1849 | D:2      | Reached skill level 1 in Invocations
  2126 | D:2      | Reached ** piety under Trog
  2127 | D:2      | Reached skill level 1 in Short Blades
  2127 | D:2      | Reached skill level 1 in Long Blades
  2127 | D:2      | Reached skill level 1 in Axes
  2127 | D:2      | Reached skill level 1 in Maces & Flails
  2127 | D:2      | Reached skill level 1 in Polearms
  2127 | D:2      | Reached skill level 1 in Staves
  2127 | D:2      | Reached skill level 1 in Slings
  2127 | D:2      | Reached skill level 1 in Bows
  2127 | D:2      | Reached skill level 1 in Crossbows
  2127 | D:2      | Reached skill level 1 in Throwing
  2127 | D:2      | Reached skill level 1 in Stealth
  2127 | D:2      | Reached skill level 1 in Shields
  2127 | D:2      | Reached skill level 1 in Spellcasting
  2127 | D:2      | Reached skill level 1 in Evocations
  2379 | D:2      | Reached XP level 4. HP: 41/41 MP: 5/5
  2548 | D:2      | Killed Jessica
  2704 | D:3      | Found a shimmering altar of Xom.
  2716 | D:3      | Reached skill level 1 in Conjurations
  2716 | D:3      | Reached skill level 1 in Hexes
  2716 | D:3      | Reached skill level 1 in Summonings
  2716 | D:3      | Reached skill level 1 in Necromancy
  2716 | D:3      | Reached skill level 1 in Translocations
  2716 | D:3      | Reached skill level 1 in Transmutations
  2716 | D:3      | Reached skill level 1 in Fire Magic
  2716 | D:3      | Reached skill level 1 in Ice Magic
  2716 | D:3      | Reached skill level 1 in Air Magic
  2716 | D:3      | Reached skill level 1 in Earth Magic
  2716 | D:3      | Reached skill level 1 in Poison Magic
  2787 | D:3      | Found a glowing drain.
  2808 | Sewer    | Entered a sewer
  2975 | Sewer    | Noticed Pargi
  3174 | D:3      | HP: 1/41 [Pargi (4)]
  3182 | D:3      | HP: 1/41 [Pargi (1)]
  3183 | D:3      | Slain by Pargi

Illustrated notes

Levels and vault maps discovered:
D:1:      dpeg_arrival_refuge, layout_loops_ring,
          dreamdust_ecumenical_altar_hidden_monk_grotto
D:2:      layout_loops_ring, kennysheep_small_spiral, minmay_cupped,
          uniq_jessica
D:3:      minmay_chambers_of_twos, layout_basic,
          mainiacjoe_overflow_small_starburst, cheibrodos_sewer_entry_sluice

Skill      XL: |  1  2  3  4 |
---------------+-------------+-----
Invocations    | 1 |  1.4
Short Blades   | 1 |  1.2
Long Blades    | 1 |  1.2
Axes           | 1 |  1.2
Maces & Flails | 1 |  1.2
Polearms       | 1 |  1.2
Staves         | 1 |  1.2
Slings         | 1 |  1.2
Bows           | 1 |  1.2
Crossbows      | 1 |  1.2
Throwing       | 1 |  1.2
Stealth        | 1 |  1.2
Shields        | 1 |  1.2
Spellcasting   | 1 |  1.2
Evocations     | 1 |  1.2
Conjurations   | 1 |  1.0
Hexes          | 1 |  1.0
Summonings     | 1 |  1.0
Necromancy     | 1 |  1.0
Translocations | 1 |  1.0
Transmutations | 1 |  1.0
Fire Magic     | 1 |  1.0
Ice Magic      | 1 |  1.0
Air Magic      | 1 |  1.0
Earth Magic    | 1 |  1.0
Poison Magic   | 1 |  1.0
Fighting       | |  6.6
Armour         | |  4.7
Dodging        | |  4.7
Unarmed Combat | |  6.6

Action                   |  1- 3 |  4- 6 || total
-------------------------+-------+-------++-------
Melee: Unarmed           |    15 |       ||    15
       Short sword       |   112 |       ||   112
       Club              |     2 |       ||     2
       Bite              |    12 |     5 ||    17
       Punch             |     3 |     5 ||     8
       Whip              |    19 |    57 ||    76
Invok: Berserk           |       |     1 ||     1
  Use: Scroll            |       |     1 ||     1
 Stab: Sleeping          |     3 |     4 ||     7
Armor: Animal skin       |    20 |    17 ||    37
Dodge: Dodged            |   105 |    64 ||   169

Table legend: (Time is in decaauts)
 A = Elapsed time spent in this place.
 B = Non-inter-level travel time spent in this place.
 C = Inter-level travel time spent in this place.
 D = Time resting spent in this place.
 E = Time spent auto-exploring this place.
 F = Levels seen in this place.
 G = Mean time per level.
                   A        B        C        D        E       F      G
               +--------+--------+--------+--------+--------+-----+--------+
         Total |   3202 |   3087 |    115 |    648 |   1700 |   4 |  800.5 |
       Dungeon |   2847 |   2732 |    115 |    590 |   1611 |   3 |  949.0 |
         Sewer |    354 |    354 |      0 |     58 |     89 |   1 |  354.0 |
               +--------+--------+--------+--------+--------+-----+--------+

Top non-repeatable levels by time:
     D:1: 1556 daAuts
     D:2: 1102 daAuts
   Sewer: 354 daAuts
     D:3: 189 daAuts
